 Dungeon Crawl Stone Soup version 0.23.0-3-gf3c87f2 (webtiles) character file.

Game seed: 18044352080984922859

49 Gadfly the Vexing (level 3, -1/18 HPs)
             Began as a Spriggan Arcane Marksman on Feb 23, 2019.
             Killed from afar by a dart slug (2 damage)
             ... with a slug dart
             ... on level 3 of the Dungeon.
             The game lasted 00:02:30 (1246 turns).

Gadfly the Vexing (Spriggan Arcane Marksman)        Turns: 1246, Time: 00:02:30

Health: -1/18      AC:  2    Str:  6    XL:     3   Next: 53%
Magic:  0/7        EV: 19    Int: 15    God:
Gold:   99         SH:  0    Dex: 16    Spells: 3/7 levels left

rFire    . . .     SeeInvis +   a - +0 hunting sling
rCold    . . .     Gourm    .   (shield restricted)
rNeg     . . .     Faith    .   e - +0 robe
rPois    .         Spirit   .   (helmet restricted)
rElec    .         Reflect  .   (no cloak)
rCorr    .         Harm     .   (gloves unavailable)
MR       .....                  (boots unavailable)
Stlth    +.........             (no amulet)
HPRegen  0.06/turn              (no ring)
MPRegen  0.10/turn              (no ring)

@: very slightly contaminated, very quick
A: very small, unfitting armour, see invisible, herbivore, speed 3, slow
metabolism 2
a: no special abilities


You were on level 3 of the Dungeon.
You were not hungry.

You visited 1 branch of the dungeon, and saw 3 of its levels.

You collected 99 gold pieces.

Inventory:

Hand Weapons
 a - a +0 hunting sling (weapon)
 l - a +0 short sword
Missiles
 d - 18 sling bullets
 i - 21 stones (quivered)
Armour
 e - a +0 robe (worn)
Scrolls
 b - 4 scrolls of identify
 h - a scroll of teleportation
 j - a scroll of fear {unknown}
 n - a scroll of magic mapping {unknown}
Potions
 c - a potion of resistance {unknown}
 g - a potion of curing
 k - a potion of flight {unknown}
 m - a potion of brilliance {unknown}
Comestibles
 f - 5 rations


   Skills:
 + Level 1.2 Fighting
 * Level 3.3 Slings
 + Level 3.4 Dodging
 * Level 2.6 Spellcasting
 + Level 3.9 Hexes


You had 3 spell levels left.
You knew the following spells:

 Your Spells              Type           Power        Failure   Level  Hunger
a - Corona                Hex            ##.....      4%          1    #......
b - Portal Projectile     Hex/Tloc       #.....       28%         3    ###....

Your spell library contained the following spells:

 Spells                   Type           Power        Failure   Level  Hunger
 Slow                     Hex            ##......     6%          2    ###....
 Inner Flame              Hex/Fire       #.......     28%         3    ###....
 Cause Fear               Hex            ##........   38%         4    #####..
 Leda's Liquefaction      Hex/Erth       #.........   67%         4    #####..


Dungeon Overview and Level Annotations

Branches:
Dungeon (2/15)

Altars:


Innate Abilities, Weirdness & Mutations

You are very small and have problems with some larger weapons.
You are too small for most types of armour.
You have supernaturally acute eyesight. (SInv)
You are a herbivore.
You cover ground extremely quickly.
You need to consume almost no food.


Message History

Strange energies run through your body.
Firing (i - inventory. (/) - cycle)
i - 23 stones (quivered)
Press: ? - help, Shift-Dir - straight line, f - orc
Aim: an orc, wielding a +2 morningstar of protection and wearing a +0 leather armour You magically shoot a stone.
The stone hits the orc but does no damage.
You are no longer teleporting projectiles to their destination.
A dart slug comes into view.
Firing (i - inventory. (/) - cycle)
i - 22 stones (quivered)
Press: ? - help, Shift-Dir - straight line, f/p - orc
Aim: an orc, wielding a +2 morningstar of protection and wearing a +0 leather armour You shoot a stone.
The stone barely misses the orc.
The orc hits you with a +2 morningstar of protection!
* * * LOW HITPOINT WARNING * * *
Firing (i - inventory. (/) - cycle)
i - 21 stones (quivered)
Press: ? - help, Shift-Dir - straight line, p - orc
Okay, then.
The dart slug launches a dart at you. The slug dart hits you.
You die...

# .#
########.#####
#.............
#....w@#
#########+#####.##
....(.%(..(..o..#
...........######
...........#
......(....#
...........#
...........#
.....(....(#


You could see a dart slug and an orc.

Vanquished Creatures
  An adder (D:3)
  A shadow imp (D:2)
  An ooze (D:2)
  A dart slug (D:2)
  A leopard gecko (D:1)
  2 bats
  A giant cockroach (D:2)
  3 goblins
  4 hobgoblins
  A frilled lizard (D:2)
  7 kobolds
  4 rats (D:2)
27 creatures vanquished.

Notes
Turn   | Place    | Note
-------+----------+-------------------------------------------
     0 | D:1      | Gadfly the Spriggan Arcane Marksman began the quest for the
                  | Orb.
     0 | D:1      | Reached XP level 1. HP: 9/9 MP: 3/3
   399 | D:2      | Reached skill level 1 in Fighting
   399 | D:2      | Reached XP level 2. HP: 12/14 MP: 5/5
   840 | D:2      | Reached XP level 3. HP: 12/18 MP: 7/7
  1049 | D:2      | Learned a level 3 spell: Portal Projectile
  1219 | D:2      | You fall through a shaft!
  1246 | D:3      | Killed from afar by a dart slug

Skill      XL: |  1  2 |
---------------+-------+-----
Fighting       | 1 |  1.2
Slings         | 3 |  3.3
Spellcasting   | 2 |  2.6
Dodging        | |  3.4
Hexes          | |  3.9

Action                   || total
-------------------------++-------
 Fire: Hunting sling     ||   103
 Cast: Portal Projectile ||     1
  Use: Scroll            ||     5
Armor: Robe              ||     3
Dodge: Dodged            ||    20
